 Dungeon Crawl Stone Soup version 0.25.1-1-g288607f (webtiles) character file.

Game seed: 14150360343445641983

45 DeathBeforeDecaf the Ducker (level 3, -4/27 HPs)
             Began as a Demonspawn Gladiator on Sept 10, 2020.
             Killed by divine providence
             ... invoked by an orc priest
              (12 damage)
             ... on level 2 of the Dungeon.
             The game lasted 00:11:11 (1419 turns).

DeathBeforeDecaf the Ducker (Demonspawn Gladiator)  Turns: 1419, Time: 00:11:11

Health: -4/27      AC:  7    Str: 15    XL:     3   Next: 42%
Magic:  3/3        EV: 13    Int:  9    God:
Gold:   25         SH:  0    Dex: 14    Spells: 2/2 levels left

rFire    . . .     SeeInvis .   e - +3 whip (freeze)
rCold    . . .     Gourm    .   (no shield)
rNeg     . . .     Faith    .   o - +0 leather armour (curse)
rPois    .         Spirit   .   (helmet restricted)
rElec    .         Reflect  .   n - +1 cloak
rCorr    .         Harm     .   (no gloves)
MR       .....                  (no boots)
Stlth    +.........             (no amulet)
HPRegen  0.09/turn              (no ring)
MPRegen  0.08/turn              (no ring)

@: no status effects
A: antennae 1, molten scales 1
a: no special abilities


You were on level 2 of the Dungeon.
You were hungry.

You visited 1 branch of the dungeon, and saw 2 of its levels.

You collected 25 gold pieces.

Inventory:

Hand Weapons
 a - a +0 rapier
 e - a +3 whip of freezing (weapon)
Missiles
 d - a throwing net (quivered)
 g - 62 stones
Armour
 b - a +0 leather armour
 c - a +0 helmet
 n - a +1 cloak (worn)
 o - a cursed +0 leather armour (worn)
Scrolls
 j - a scroll of magic mapping
Potions
 i - a potion of cancellation
 p - a potion of curing {unknown}
Comestibles
 f - 2 rations
 k - 2 chunks of flesh


   Skills:
 + Level 2.2 Fighting
 + Level 3.2 Short Blades
 + Level 0.7 Maces & Flails
 - Level 1.7 Throwing
 + Level 3.3 Dodging


You had 2 spell levels left.
You didn't know any spells.
Your spell library was empty.

Dungeon Overview and Level Annotations

Branches:
Dungeon (2/15)

Altars:


Innate Abilities, Weirdness & Mutations

You have a pair of small antennae on your head.
You are partially covered in molten scales. (AC +2)


Message History

The orc is heavily wounded.
The orc closely misses you.
You hit the orc. You freeze the orc.
You kill the orc!
The orc priest calls down the wrath of Beogh upon you.
You barely resist. You hit the orc. You freeze the orc.
You kill the orc!
You closely miss the orc priest.
The orc priest hits you with a +0 short sword!
* * * LOW HITPOINT WARNING * * *
The orc priest casts a cantrip, but nothing happens.
You hit the orc priest. You freeze the orc priest.
The orc priest is lightly wounded.
The orc priest hits you but does no damage.
You hit the orc priest. You freeze the orc priest.
The orc priest is heavily wounded.
The orc priest mumbles some strange prayers to Beogh against you.
Beogh smites you!
You die...

***,,,,,,,,,,***#######..รท.......
,,,,,,,,,,,,,..#****###...#.##.##
***,****,****#..,,,.......#......
*,* *,* #!#***#####..####.## *,*
*,* #.# #.....[... *,* *,* #)#
#..####### *,* #.#####.#
#.........
**>**##.......#########.########
*,,,,.........o@........# #####
*,_**#####(.############# #....
*,,***** #..* #.### **,,,,,,* #.o*
####.# ,,,****,* #.o* #....# ****
*,* #o.* #.###### *****,**#..* #.#
##. ***,,,,,,,...* #.# ##.#
,,,,***,****,* #.###.##


You could see an orc priest.

Vanquished Creatures
  An ooze (D:2)
  A dart slug (D:1)
  3 leopard geckos
  2 orcs (D:2)
  A giant cockroach (D:2)
  3 hobgoblins (D:2)
  7 jackals (D:1)
  5 kobolds
  A bat (D:2)
  2 frilled lizards
  3 goblins (D:2)
  3 rats
32 creatures vanquished.

Notes
Turn   | Place    | Note
-------+----------+-------------------------------------------
     0 | D:1      | DeathBeforeDecaf the Demonspawn Gladiator began the quest
                  | for the Orb.
     0 | D:1      | Reached XP level 1. HP: 16/16 MP: 1/1
    82 | D:1      | Gained mutation: You have a pair of small antennae on your
                  | head. [demonic ancestry]
    82 | D:1      | Reached XP level 2. HP: 11/22 MP: 2/2
    97 | D:1      | HP: 1/22 [jackal (1)]
   616 | D:1      | You fall into a shaft and drop 1 floor!
   908 | D:2      | Gained mutation: You are partially covered in molten
                  | scales. (AC +2) [demonic ancestry]
   908 | D:2      | Reached XP level 3. HP: 10/27 MP: 3/3
  1419 | D:2      | Killed from afar by an orc priest

Illustrated notes

Levels and vault maps discovered:
D:1:      nicolae_arrival_memento_mori, layout_rooms
D:2:      layout_loops_ring, overflow_temple_1_default

Skill      XL: |  1  2 |
---------------+-------+-----
Short Blades   | 3 |  3.2
Dodging        | 3 |  3.3
Fighting       | |  2.2
Maces & Flails | |  0.7
Throwing       | |  1.7

Action                   || total
-------------------------++-------
Melee: Rapier            ||    10
       Whip              ||    83
Throw: Throwing net      ||     2
  Use: Scroll            ||     4
  Eat: Chunk             ||     1
Armor: Leather armour    ||    32
Dodge: Dodged            ||    54
